 Dungeon Crawl Stone Soup version 0.18-a0-949-g5bbc315 (webtiles) character file.

4295 Oddball22 the Fighter (level 10, -1/89 HPs)
             Began as a Demonspawn Artificer on Dec 30, 2015.
             Was a Believer of Pakellas.
             Slain by a manticore (11 damage)
             ... on level 9 of the Dungeon.
             The game lasted 00:21:21 (8798 turns).

Oddball22 the Fighter (Demonspawn Artificer)        Turns: 8798, Time: 00:21:22

Health: -1/89      AC:  8    Str: 12    XL:     10   Next: 11%
Magic:  12/12      EV: 17    Int: 14    God:    Pakellas [**....]
Gold:   381        SH:  0    Dex: 18    Spells: 0 memorised, 9 levels left

rFire  . . .     SeeInvis +     H - +1 dagger (pain)
rCold  . . .     Gourm    .     b - +0 leather armour
rNeg   . . .     Faith    .     (no shield)
rPois  .         Spirit   .     J - +2 helmet
rElec  .         Dismiss  .     (no cloak)
rCorr  .         Reflect  .     (no gloves)
SustAt .         Harm     .     v - +0 pair of boots
MR     .....                    (no amulet)
Stlth  ++........               a - ring of see invisible
                                l - +2 ring of dexterity

@: not resistant to hostile enchantments, unstealthy
A: icy blue scales 1, foul stench 1, spiny 2, rot immunity
a: Quick Charge, Renounce Religion


You were on level 9 of the Dungeon.
You worshipped Pakellas.
Pakellas was pleased with you.
You were not hungry.

You visited 1 branch of the dungeon, and saw 9 of its levels.

You collected 381 gold pieces.

Inventory:

Hand Weapons
 H - a +1 dagger of pain (weapon)
Armour
 b - a +0 leather armour (worn)
 v - a +0 pair of boots (worn)
 J - a +2 helmet (worn)
Jewellery
 a - a ring of see invisible (right hand)
 l - a +2 ring of dexterity (left hand)
 K - an uncursed ring of fire
 W - an uncursed ring of sustain attributes
Wands
 c - a wand of flame (3/48)
 d - a wand of enslavement (14/24)
 e - a wand of random effects (15/48)
 h - a wand of magic darts (9/48)
 u - a wand of heal wounds (0/9)
 y - a wand of paralysis (13/24)
 D - a wand of disintegration (4/24)
 M - a wand of fireball (5/15)
 R - a wand of teleportation (6/9)
Scrolls
 j - 2 scrolls of identify
 o - 6 scrolls of remove curse {unknown}
 p - 2 scrolls of enchant armour {unknown}
 r - 2 scrolls of fear {unknown}
 s - 5 scrolls of immolation {unknown}
 w - 2 scrolls of enchant weapon {unknown}
 B - a scroll of amnesia {unknown}
 C - 2 scrolls of teleportation {unknown}
 F - 2 scrolls of blinking {unknown}
 L - a scroll of fog {unknown}
 O - a scroll of magic mapping {unknown}
 X - 2 scrolls of recharging {unknown}
 Z - a scroll of noise {unknown}
Potions
 g - a potion of beneficial mutation {unknown}
 i - 4 potions of agility
 k - 2 potions of haste {unknown}
 m - 3 potions of might {unknown}
 A - 2 potions of brilliance {unknown}
 I - 5 potions of curing
 N - a potion of lignification {unknown}
 P - a potion of poison {unknown}
 Q - 3 potions of mutation {unknown}
 S - 2 potions of resistance {unknown}
 V - a potion of berserk rage {unknown}
Books
 t - a book of Unlife

   Spells                             Type                      Level
   a - Recall                         Summoning/Translocation      3
   b - Animate Dead                   Necromancy                   4
   c - Control Undead                 Necromancy                   4
   d - Cigotuvi's Embrace             Necromancy                   5
   e - Death Channel                  Necromancy                   6
   f - Simulacrum                     Ice/Necromancy               6
Comestibles
 f - 7 bread rations
 n - 4 beef jerkies
 q - 5 meat rations
 z - a slice of pizza
 E - 10 royal jellies
 Y - 2 fruits


   Skills:
 * Level 11.8 Fighting
 - Level 0.8 Short Blades
 + Level 8.0 Dodging
 - Level 0.8 Stealth
 - Level 3.0 Evocations


You had 9 spell levels left.
You didn't know any spells.

Dungeon Overview and Level Annotations

Branches:
Dungeon (9/15)             Temple (0/1) D:6
   Lair: D:8-11         Orc: D:9-12

Altars:
Cheibriados
Elyvilon
Fedhas
Gozag
Makhleb
Nemelex Xobeh
Pakellas
Ru
Sif Muna
Vehumet


Innate Abilities, Weirdness & Mutations

You are partially covered in icy blue scales (AC +1).
You may emit foul miasma when damaged in melee.
You are mostly covered in sharp spines.
You are immune to rotting.


Message History

You hit the manticore but do no damage.
The manticore is moderately wounded.
The manticore is struck by your spines. The manticore bites you!
The manticore misses you.
The manticore claws you but does no damage.
You hit the manticore.
The manticore is heavily wounded.
The manticore is struck by your spines. The manticore bites you.
The manticore completely misses you. The manticore misses you.
You barely miss the manticore.
The manticore is severely wounded.
The manticore is struck by your spines. The manticore misses you.
The manticore closely misses you. The manticore claws you!
Your leather armour prevents you from hitting the manticore.
The manticore is severely wounded.
The manticore bites you!!
* * * LOW HITPOINT WARNING * * *
You emit a cloud of foul miasma!
The manticore barely misses you. The manticore claws you!
You die...

...................
#................. #
#................ ..
##............... #$$
#...............
########...............
......⌠#...............
._.._..#...............
......⌠@.+##########.
......H#.....#
########.#...# ..#...#
..# ..# .... ..# ....
.# ..... .#


You could see a manticore.

Vanquished Creatures
  Prince Ribbit (D:7)
  5 yaks
  2 hippogriffs
  A water moccasin (D:9)
  A black bear (D:6)
  Purgy (D:4)
  4 sky beasts
  An ice beast (D:6)
  A phantom (D:8)
  6 ogres
  3 centaurs
  A scorpion (D:8)
  A water moccasin skeleton (D:8)
  5 killer bees (D:8)
  3 crimson imps
  2 giant frog zombies
  4 jellies
  An orc priest (D:4)
  5 hounds
  2 giant frog skeletons
  7 iguanas
  Ijyb (D:2)
  An orc wizard (D:3)
  6 worker ants
  A hound zombie (D:5)
  Robin (D:4)
  A hound skeleton (D:7)
  8 adders
  A worker ant zombie (D:8)
  9 gnolls
  4 shadow imps
  6 oozes
  An adder zombie (D:6)
  An adder skeleton (D:4)
  4 worms
  3 giant geckos
  9 orcs
  17 goblins
  8 hobgoblins
  6 kobolds
  5 quokkas
  4 bats
  7 giant cockroaches
  6 giant newts
  11 jackals
  A quokka skeleton (D:6)
  7 rats
186 creatures vanquished.

Vanquished Creatures (collateral kills)
  4 orcs (D:4)
4 creatures vanquished.

Grand Total: 190 creatures vanquished

Notes
Turn   | Place    | Note
--------------------------------------------------------------
     0 | D:1      | Oddball22 the Demonspawn Artificer began the quest for the Orb.
     0 | D:1      | Reached XP level 1. HP: 15/15 MP: 3/3
   415 | D:1      | Gained mutation: You are partially covered in sharp spines. [demonic ancestry]
   415 | D:1      | Reached XP level 2. HP: 16/22 MP: 4/4
  1317 | D:2      | Gained mutation: You are partially covered in icy blue scales (AC +1). [demonic ancestry]
  1317 | D:2      | Reached XP level 3. HP: 28/28 MP: 5/5
  1367 | D:2      | Noticed Ijyb
  1387 | D:2      | Killed Ijyb
  1519 | D:2      | Found a burning altar of Makhleb.
  1527 | D:2      | Reached XP level 4. HP: 26/35 MP: 6/6
  1836 | D:3      | Reached skill level 4 in Fighting
  1836 | D:3      | Reached XP level 5. HP: 32/42 MP: 7/7
  2612 | D:3      | Reached skill level 5 in Fighting
  2846 | D:4      | Noticed Purgy
  2862 | D:4      | Noticed Robin
  2873 | D:4      | Reached XP level 6. HP: 51/51 MP: 8/8
  2901 | D:4      | Killed Robin
  2905 | D:4      | Killed Purgy
  3385 | D:4      | Reached skill level 6 in Fighting
  3393 | D:4      | Gained mutation: You are mostly covered in sharp spines. [demonic ancestry]
  3393 | D:4      | Reached XP level 7. HP: 47/59 MP: 9/9
  4073 | D:5      | Entered Level 5 of the Dungeon
  4212 | D:5      | Reached skill level 7 in Fighting
  4682 | D:5      | Reached skill level 5 in Dodging
  5072 | D:6      | Gained mutation: You are immune to rotting. [demonic ancestry]
  5072 | D:6      | Reached XP level 8. HP: 64/68 MP: 10/10
  5233 | D:6      | Reached skill level 8 in Fighting
  5720 | D:6      | Reached skill level 9 in Fighting
  5914 | D:6      | Found an oddly glowing altar of Pakellas.
  5918 | D:6      | Became a worshipper of Pakellas the Inventive
  5951 | D:6      | Found a sacrificial altar of Ru.
  5951 | D:6      | Found a sparkling altar of Nemelex Xobeh.
  5951 | D:6      | Found a radiant altar of Vehumet.
  5951 | D:6      | Found an opulent altar of Gozag.
  6074 | D:6      | Found a deep blue altar of Sif Muna.
  6076 | D:6      | Found a blossoming altar of Fedhas.
  6224 | D:6      | Found a staircase to the Ecumenical Temple.
  6301 | D:7      | Reached XP level 9. HP: 41/78 MP: 11/11
  6675 | D:7      | Reached skill level 10 in Fighting
  6842 | D:7      | Noticed Prince Ribbit
  6862 | D:7      | Killed Prince Ribbit
  7194 | D:7      | Reached * piety under Pakellas
  7607 | D:8      | Reached skill level 11 in Fighting
  7742 | D:8      | Found a sand-covered staircase.
  7850 | D:8      | Found a snail-covered altar of Cheibriados.
  8466 | D:8      | Reached ** piety under Pakellas
  8466 | D:8      | Received a gift from Pakellas
  8466 | D:8      | Gained mutation: You may emit foul miasma when damaged in melee. [demonic ancestry]
  8466 | D:8      | Reached XP level 10. HP: 88/88 MP: 12/12
  8785 | D:9      | Found a sacrificial altar of Ru.
  8785 | D:9      | Found a white marble altar of Elyvilon.
  8785 | D:9      | Noticed a manticore
  8786 | D:9      | Noticed a deep elf archer
  8798 | D:9      | Slain by a manticore

Vault maps used:
D:1:      dpeg_arrival_pits, minmay_large_rounded_square
D:2:      makhleb_heckhound_becter, first_bread, uniq_iyjb
D:3:      wad_river_or_something, uniq_crazy_yiuf_cottage
D:4:      minmay_crossroads, uniq_robin, uniq_purgy
D:5:      minmay_misc_feat_tower
D:6:      minmay_overflow_temple_hex, minmay_temple_entry_nine_rooms,
          grunt_pakellas_basics
D:7:      serial_glass, glass_columns_a, glass_columns_a, uniq_prince_ribbit1
D:8:      cheibrodos_worm_habitat, nicolae_ossuary_entry_false_entrances,
          hangedman_little_slice_of_home
D:9:      okawaru_humans, david_orc_3, jmf_multi_god_temple, uniq_erica

Action                   |  1- 3 |  4- 6 |  7- 9 | 10-12 || total
-------------------------+-------+-------+-------+-------++-------
Melee: Short sword       |    73 |       |       |       ||    73
       Dagger            |     5 |   145 |   384 |    24 ||   558
Evoke: Wand              |       |    10 |     6 |       ||    16
  Use: Scroll            |     1 |       |     2 |       ||     3
       Potion            |       |     5 |       |       ||     5
 Stab: Sleeping          |     2 |       |     3 |       ||     5
       Distracted        |       |       |     2 |       ||     2
  Eat: Pizza             |     1 |       |     1 |       ||     2
       Chunk             |       |     6 |    15 |     1 ||    22
